[Event "Quebec-ch classe"]
[Site "Trois-Rivieres CAN"]
[Date "2009.10.09"]
[Round "1.4"]
[White "Kraiouchkine, Nikita"]
[Black "Le Duin, Thierry"]
[Result "1-0"]
[ECO "B01"]
[WhiteElo "2241"]
[BlackElo "2029"]
[PlyCount "79"]
[EventDate "2009.10.09"]
[EventType "swiss"]
[EventRounds "5"]
[EventCountry "CAN"]
[TimeControl "6000"]

1. e4 d5 2. exd5 Nf6 3. Nf3 Qxd5 4. Nc3 Qh5 5. d4 Bg4 6. Be2 Nc6 7. h3 O-O-O 8.
O-O e5 9. d5 Bb4 10. hxg4 Nxg4 11. Nh4 f5 12. Bxg4 fxg4 13. Ne4 Be7 14. Ng3
Qxh4 15. Be3 h5 16. c4 Qf6 17. Ne4 Qg6 18. Qc2 Nd4 19. Bxd4 exd4 20. Rfd1 Rhe8
21. Qd3 Bh4 22. Re1 Qb6 23. Re2 Bf6 24. Rae1 Kb8 25. a3 a6 26. b4 h4 27. Nc5
Rxe2 28. Rxe2 Qd6 29. Qf5 g3 30. f3 Ka7 31. Re6 Qf8 32. Qe4 Rd6 33. Re8 Qf7 34.
a4 b6 35. Nd3 Qd7 36. c5 Rxd5 37. Nf4 d3 38. Nxd5 d2 39. Ra8+ Kxa8 40. Nxb6+
1-0

[Event "Quebec-ch classe"]
[Site "Trois-Rivieres CAN"]
[Date "2009.10.11"]
[Round "4.1"]
[White "Rainfray, Arnaud"]
[Black "Kraiouchkine, Nikita"]
[Result "1/2-1/2"]
[ECO "C56"]
[WhiteElo "2391"]
[BlackElo "2241"]
[PlyCount "89"]
[EventDate "2009.10.09"]
[EventType "swiss"]
[EventRounds "5"]
[EventCountry "CAN"]
[TimeControl "6000"]

1. e4 e5 2. Nf3 Nc6 3. d4 exd4 4. Bc4 Nf6 5. e5 d5 6. Bb5 Ne4 7. Nxd4 Bd7 8.
Bxc6 bxc6 9. O-O Bc5 10. f3 Ng5 11. f4 Ne4 12. Be3 O-O 13. Nd2 Nxd2 14. Qxd2 f6
15. Nb3 Bb6 16. Bc5 Bf5 17. Kh1 Re8 18. Bd4 fxe5 19. fxe5 Be4 20. c3 Qe7 21.
Qf2 Rf8 22. Qg3 c5 23. Be3 Kh8 24. Nd2 Bg6 25. Nf3 c6 26. Bg5 Qe6 27. Be3 h6
28. a4 Bd3 29. Rfe1 Qe7 30. b4 c4 31. Nd4 Bxd4 32. Bxd4 Qe6 33. b5 Rf5 34. bxc6
Rg5 35. Qf4 Qxc6 36. Re3 Qg6 37. Rg3 Rxg3 38. Qxg3 Qxg3 39. hxg3 a6 40. Ra2 Rf8
41. Rb2 Rf1+ 42. Kh2 Rb1 43. Rf2 Rf1 44. Rxf1 Bxf1 45. a5 1/2-1/2

[Event "Quebec-ch classe"]
[Site "Trois-Rivieres CAN"]
[Date "2009.10.11"]
[Round "5.2"]
[White "Kraiouchkine, Nikita"]
[Black "Libersan, Thierry"]
[Result "1-0"]
[ECO "B86"]
[WhiteElo "2241"]
[BlackElo "2084"]
[PlyCount "115"]
[EventDate "2009.10.09"]
[EventType "swiss"]
[EventRounds "5"]
[EventCountry "CAN"]
[TimeControl "6000"]

1. e4 c5 2. Nf3 d6 3. d4 cxd4 4. Nxd4 Nf6 5. Nc3 a6 6. Bc4 e6 7. Bb3 Nbd7 8. f4
Nc5 9. f5 Nxb3 10. axb3 e5 11. Nde2 Bd7 12. Bg5 Bc6 13. Bxf6 Qxf6 14. O-O Qd8
15. Nd5 Bxd5 16. Qxd5 Qb6+ 17. Kh1 Be7 18. Nc3 Rc8 19. Rad1 O-O 20. Qd3 Qc5 21.
Nd5 Bd8 22. c3 f6 23. Nb4 Be7 24. Nd5 Bd8 25. Rd2 Rf7 26. g4 h6 27. h4 b5 28.
Rg1 Kf8 29. Nb4 a5 30. Nc2 Rc6 31. Qe2 Rb7 32. Rd5 Qb6 33. Rgd1 Be7 34. Kg2 Rc5
35. Na3 b4 36. Nc4 Qa6 37. Rxc5 dxc5 38. Ra1 Rd7 39. cxb4 cxb4 40. Rxa5 Qc6 41.
Ra1 Rd4 42. Kf3 Bc5 43. Rd1 Qd7 44. Ne3 Rxd1 45. Qxd1 Qxd1+ 46. Nxd1 Ke7 47.
Ke2 Kd7 48. Kd3 Kc7 49. Kc4 Kc6 50. h5 Kb6 51. Kd5 Bg1 52. Ke6 Bh2 53. Kf7 Bf4
54. Kxg7 Bg5 55. Nf2 Kc5 56. Nh3 Be3 57. Kxf6 Kd4 58. g5 1-0